% Time on Ice - LONG BEACH BARACUDAS
Lines # - Real PCT - Wanted PCT - Time Play
Normal Forward
1 - 40% - 40% - 19:53
2 - 33% - 33% - 16:44
3 - 21% - 18% - 10:24
4 - 6% - 9% - 3:04
Normal Defense
1 - 40% - 40% - 19:47
2 - 27% - 30% - 13:21
3 - 26% - 15% - 13:01
4 - 8% - 15% - 3:56
PP Forward
1 - 43% - 51% - 2:32
2 - 57% - 49% - 3:25
PP Defense
1 - 65% - 55% - 3:52
2 - 35% - 45% - 2:05
PK Forward
1 - 79% - 60% - 3:08
2 - 21% - 40% - 0:50
PK Defense
1 - 35% - 55% - 1:23
2 - 65% - 45% - 2:35
PK3 Forward
1 - 0% - 55%
2 - 0% - 45%
PK3 Defense
1 - 0% - 55%
2 - 0% - 45%
44 Forward
1 - 0% - 55%
2 - 0% - 45%
44 Defense
1 - 0% - 55%
2 - 0% - 45%
Last Minute Offensive  - 0:00
Last Minute Defensive  - 0:00
Total
Forward - 60:00
Defense - 60:00
% Time on Ice - LAS VEGAS LIZARD KINGS
Lines # - Real PCT - Wanted PCT - Time Play
Normal Forward
1 - 39% - 40% - 19:28
2 - 32% - 35% - 16:07
3 - 21% - 18% - 10:39
4 - 8% - 7% - 3:51
Normal Defense
1 - 39% - 40% - 19:20
2 - 37% - 40% - 18:33
3 - 24% - 20% - 12:12
4 - 0% - 0% - 0:00
PP Forward
1 - 44% - 80% - 1:45
2 - 56% - 20% - 2:13
PP Defense
1 - 55% - 80% - 2:12
2 - 45% - 20% - 1:46
PK Forward
1 - 87% - 70% - 5:09
2 - 13% - 30% - 0:48
PK Defense
1 - 56% - 65% - 3:20
2 - 44% - 35% - 2:37
PK3 Forward
1 - 0% - 55%
2 - 0% - 45%
PK3 Defense
1 - 0% - 55%
2 - 0% - 45%
44 Forward
1 - 0% - 55%
2 - 0% - 45%
44 Defense
1 - 0% - 55%
2 - 0% - 45%
Last Minute Offensive  - 0:00
Last Minute Defensive  - 0:00
Total
Forward - 60:00
Defense - 60:00
Play-by-Play 1st period 0:01 of 1st period - Sean Monahan wins face-off versus Steven Stamkos in neutral zone. 0:04 of 1st period - Shot by Johnny Gaudreau. 0:04 of 1st period - Stopped by Jonathan Quick without a rebound. 0:05 of 1st period - Brock Nelson wins face-off versus Barclay Goodrow in LONG BEACH BARACUDAS zone. 0:31 of 1st period - Shot by Ryan Nugent-Hopkins. 0:31 of 1st period - Stopped by Jonathan Quick without a rebound. 0:32 of 1st period - Steven Stamkos wins face-off versus Sean Monahan in LONG BEACH BARACUDAS zone. 0:34 of 1st period - Icing by Reyley Smith. 0:35 of 1st period - Steven Stamkos wins face-off versus Derek Ryan in LONG BEACH BARACUDAS zone. 0:42 of 1st period - Matt Roy is hit by Reyley Smith and loses puck. 0:47 of 1st period - Shot by Steven Stamkos. 0:47 of 1st period - Shot Blocked by Matt Roy. 0:49 of 1st period - Shot by Reyley Smith. 0:49 of 1st period - Shot Misses the Net. 0:51 of 1st period - Shot by Alex Pietrangelo. 0:51 of 1st period - Goal by Alex Pietrangelo - LONG BEACH BARACUDAS : 1 - LAS VEGAS LIZARD KINGS : 0. 0:52 of 1st period - Sean Monahan wins face-off versus Derek Stepan in neutral zone. 1:29 of 1st period - Shot by Derek Stepan. 1:29 of 1st period - Shot Misses the Net. 1:31 of 1st period - Shot by Mikael Granlund. 1:31 of 1st period - Stopped by Marc-Andre Fleury without a rebound. 1:31 of 1st period - Minor Penalty to John Marino for Tripping. 1:32 of 1st period - Barclay Goodrow wins face-off versus Steven Stamkos in LAS VEGAS LIZARD KINGS zone. 1:38 of 1st period - Icing by Reyley Smith. 1:39 of 1st period - Barclay Goodrow wins face-off versus Steven Stamkos in LONG BEACH BARACUDAS zone. 2:06 of 1st period - Shot by Steven Stamkos. 2:06 of 1st period - Stopped by Marc-Andre Fleury without a rebound. 2:07 of 1st period - Brock Nelson wins face-off versus Barclay Goodrow in LAS VEGAS LIZARD KINGS zone. 2:22 of 1st period - Shot by Taylor Hall. 2:22 of 1st period - Stopped by Marc-Andre Fleury without a rebound. 2:23 of 1st period - Steven Stamkos wins face-off versus Derek Ryan in LAS VEGAS LIZARD KINGS zone. 3:04 of 1st period - Shot by Kyle Palmieri. 3:04 of 1st period - Stopped by Marc-Andre Fleury without a rebound. 3:05 of 1st period - Brock Nelson wins face-off versus Derek Ryan in LAS VEGAS LIZARD KINGS zone. 3:20 of 1st period - Shot by Brock Nelson. 3:20 of 1st period - Stopped by Marc-Andre Fleury without a rebound. 3:21 of 1st period - Brock Nelson wins face-off versus Barclay Goodrow in LAS VEGAS LIZARD KINGS zone. 3:31 of 1st period - Shot by Taylor Hall. 3:31 of 1st period - Stopped by Marc-Andre Fleury without a rebound. 3:32 of 1st period - Sean Monahan wins face-off versus Steven Stamkos in LAS VEGAS LIZARD KINGS zone. 3:42 of 1st period - Sean Monahan is hit by Alex Pietrangelo and loses puck. 4:04 of 1st period - Reyley Smith is hit by John Marino and loses puck. 4:11 of 1st period - Shot by Steven Stamkos. 4:11 of 1st period - Stopped by Marc-Andre Fleury without a rebound. 4:12 of 1st period - Barclay Goodrow wins face-off versus Andreas Johnsson in LAS VEGAS LIZARD KINGS zone. 4:28 of 1st period - Shot by Nino Niederreiter. 4:28 of 1st period - Shot Misses the Net. 4:34 of 1st period - Shot by Nino Niederreiter. 4:34 of 1st period - Stopped by Jonathan Quick with a rebound. 4:36 of 1st period - Shot by Ryan Nugent-Hopkins. 4:36 of 1st period - Goal by Ryan Nugent-Hopkins - LONG BEACH BARACUDAS : 1 - LAS VEGAS LIZARD KINGS : 1. 4:37 of 1st period - Pierre-Edouard Bellemare wins face-off versus Derek Ryan in neutral zone. 4:48 of 1st period - Shot by Bobby Ryan. 4:48 of 1st period - Stopped by Jonathan Quick without a rebound. 4:49 of 1st period - Ryan Nugent-Hopkins wins face-off versus Steven Stamkos in LONG BEACH BARACUDAS zone. 4:53 of 1st period - Minor Penalty to Barclay Goodrow for Delaying the game. 4:54 of 1st period - Brock Nelson wins face-off versus Bobby Ryan in LAS VEGAS LIZARD KINGS zone. 4:59 of 1st period - Shot by Taylor Hall. 4:59 of 1st period - Shot Misses the Net. 5:01 of 1st period - Shot by Ron Hainsey. 5:01 of 1st period - Stopped by Marc-Andre Fleury without a rebound. 5:02 of 1st period - Brock Nelson wins face-off versus Bobby Ryan in LAS VEGAS LIZARD KINGS zone. 5:46 of 1st period - Shot by Taylor Hall. 5:46 of 1st period - Shot Misses the Net. 5:48 of 1st period - Shot by Mikael Granlund. 5:48 of 1st period - Stopped by Marc-Andre Fleury without a rebound. 5:49 of 1st period - Steven Stamkos wins face-off versus Bobby Ryan in LAS VEGAS LIZARD KINGS zone. 5:58 of 1st period - Shot by Kyle Palmieri. 5:58 of 1st period - Shot Misses the Net. 6:00 of 1st period - Shot by Steven Stamkos. 6:00 of 1st period - Stopped by Marc-Andre Fleury with a rebound. 6:02 of 1st period - Shot by Reyley Smith. 6:02 of 1st period - Stopped by Marc-Andre Fleury without a rebound. 6:03 of 1st period - Steven Stamkos wins face-off versus Derek Ryan in LAS VEGAS LIZARD KINGS zone. 6:06 of 1st period - Shot by Reyley Smith. 6:06 of 1st period - Shot Misses the Net. 6:08 of 1st period - Shot by Kyle Palmieri. 6:08 of 1st period - Shot Misses the Net. 6:10 of 1st period - Shot by Reyley Smith. 6:10 of 1st period - Shot Misses the Net. 6:32 of 1st period - Shot by Steven Stamkos. 6:32 of 1st period - Deflect By Reyley Smith. 6:32 of 1st period - Stopped by Marc-Andre Fleury without a rebound. 6:33 of 1st period - Brock Nelson wins face-off versus Bobby Ryan in LAS VEGAS LIZARD KINGS zone. 8:07 of 1st period - Shot by Steven Stamkos. 8:07 of 1st period - Goal by Steven Stamkos - LONG BEACH BARACUDAS : 2 - LAS VEGAS LIZARD KINGS : 1. 8:08 of 1st period - Brock Nelson wins face-off versus Barclay Goodrow in neutral zone. 8:10 of 1st period - Kyle Palmieri is hit by Matt Roy and loses puck. 8:25 of 1st period - Shot by Barclay Goodrow. 8:25 of 1st period - Stopped by Jonathan Quick with a rebound. 9:32 of 1st period - Shot by Jeff Skinner. 9:32 of 1st period - Stopped by Jonathan Quick without a rebound. 9:33 of 1st period - Mikael Granlund wins face-off versus Sean Monahan in LONG BEACH BARACUDAS zone. 9:53 of 1st period - Shot by Sean Monahan. 9:53 of 1st period - Shot Misses the Net. 9:56 of 1st period - Icing by Ron Hainsey. 9:57 of 1st period - Derek Stepan wins face-off versus Derek Ryan in LONG BEACH BARACUDAS zone. 9:57 of 1st period - Derek Stepan is hit by Bobby Ryan. 10:11 of 1st period - Shot by Mikael Granlund. 10:11 of 1st period - Stopped by Marc-Andre Fleury without a rebound. 10:12 of 1st period - Steven Stamkos wins face-off versus Barclay Goodrow in LAS VEGAS LIZARD KINGS zone. 10:23 of 1st period - Shot by Reyley Smith. 10:23 of 1st period - Shot Misses the Net. 10:25 of 1st period - Shot by Steven Stamkos. 10:25 of 1st period - Stopped by Marc-Andre Fleury without a rebound. 10:26 of 1st period - Sean Monahan wins face-off versus Brock Nelson in LAS VEGAS LIZARD KINGS zone. 10:51 of 1st period - Shot by Victor Olofsson. 10:51 of 1st period - Deflect By Sean Monahan. 10:51 of 1st period - Stopped by Jonathan Quick without a rebound. 10:52 of 1st period - Barclay Goodrow wins face-off versus Steven Stamkos in LONG BEACH BARACUDAS zone. 11:14 of 1st period - Shot by Steven Stamkos. 11:14 of 1st period - Shot Hit the Post. 11:16 of 1st period - Shot by Steven Stamkos. 11:16 of 1st period - Shot Blocked by John Marino. 11:49 of 1st period - Johnny Gaudreau is hit by Brandon Montour and loses puck. 12:26 of 1st period - Shot by Brock Nelson. 12:26 of 1st period - Stopped by Marc-Andre Fleury without a rebound. 12:27 of 1st period - Derek Stepan wins face-off versus Bobby Ryan in LAS VEGAS LIZARD KINGS zone. 12:30 of 1st period - Shot by J.T. Compher. 12:30 of 1st period - Deflect By Mikael Granlund. 12:30 of 1st period - Stopped by Marc-Andre Fleury without a rebound. 12:31 of 1st period - Brock Nelson wins face-off versus Derek Ryan in LAS VEGAS LIZARD KINGS zone. 12:39 of 1st period - Icing by Mirco Mueller. 12:40 of 1st period - Brock Nelson wins face-off versus Derek Ryan in LAS VEGAS LIZARD KINGS zone. 13:10 of 1st period - Shot by Jeff Skinner. 13:10 of 1st period - Stopped by Jonathan Quick with a rebound. 13:32 of 1st period - Icing by Brock Nelson. 13:33 of 1st period - Barclay Goodrow wins face-off versus Brock Nelson in LONG BEACH BARACUDAS zone. 14:10 of 1st period - Shot by Ryan Nugent-Hopkins. 14:10 of 1st period - Stopped by Jonathan Quick without a rebound. 14:11 of 1st period - Steven Stamkos wins face-off versus Sean Monahan in LONG BEACH BARACUDAS zone. 14:17 of 1st period - Icing by Steven Stamkos. 14:18 of 1st period - Sean Monahan wins face-off versus Steven Stamkos in LONG BEACH BARACUDAS zone. 14:29 of 1st period - Shot by Victor Olofsson. 14:29 of 1st period - Deflect By Johnny Gaudreau. 14:29 of 1st period - Shot Misses the Net. 14:47 of 1st period - Shot by Johnny Gaudreau. 14:47 of 1st period - Shot Misses the Net. 15:19 of 1st period - Steven Stamkos is hit by Barclay Goodrow and loses puck. 15:46 of 1st period - Shot by Nino Niederreiter. 15:46 of 1st period - Stopped by Jonathan Quick without a rebound. 15:47 of 1st period - Derek Stepan wins face-off versus Zemgus Girgensons in LONG BEACH BARACUDAS zone. 15:59 of 1st period - Derek Stepan is hit by Matt Roy and loses puck. 16:23 of 1st period - Shot by J.T. Compher. 16:23 of 1st period - Shot Misses the Net. 16:25 of 1st period - Shot by Derek Stepan. 16:25 of 1st period - Stopped by Marc-Andre Fleury without a rebound. 16:26 of 1st period - Brock Nelson wins face-off versus Sean Monahan in LAS VEGAS LIZARD KINGS zone. 16:27 of 1st period - Shot by Andreas Johnsson. 16:27 of 1st period - Deflect By Kyle Palmieri. 16:27 of 1st period - Shot Blocked by Matt Niskanen. 16:30 of 1st period - Icing by Matt Niskanen. 16:31 of 1st period - Brock Nelson wins face-off versus Sean Monahan in LAS VEGAS LIZARD KINGS zone. 16:32 of 1st period - Shot by Andreas Johnsson. 16:32 of 1st period - Shot Blocked by Matt Niskanen. 16:35 of 1st period - Icing by Matt Niskanen. 16:36 of 1st period - Sean Monahan wins face-off versus Brock Nelson in LAS VEGAS LIZARD KINGS zone. 16:46 of 1st period - Icing by Brock Nelson. 16:47 of 1st period - Barclay Goodrow wins face-off versus Brock Nelson in LONG BEACH BARACUDAS zone. 17:04 of 1st period - Shot by Andreas Johnsson. 17:04 of 1st period - Shot Misses the Net. 17:06 of 1st period - Shot by Jordie Benn. 17:06 of 1st period - Shot Misses the Net. 17:08 of 1st period - Shot by Kyle Palmieri. 17:08 of 1st period - Shot Blocked by Brayden McNabb. 17:10 of 1st period - Shot by Jordie Benn. 17:10 of 1st period - Deflect By Kyle Palmieri. 17:10 of 1st period - Stopped by Marc-Andre Fleury without a rebound. 17:11 of 1st period - Sean Monahan wins face-off versus Steven Stamkos in LAS VEGAS LIZARD KINGS zone. 17:28 of 1st period - Shot by Johnny Gaudreau. 17:28 of 1st period - Shot Blocked by Taylor Hall. 17:54 of 1st period - Minor Penalty to Brandon Montour for Hooking. 17:55 of 1st period - Barclay Goodrow wins face-off versus Derek Stepan in LONG BEACH BARACUDAS zone. 18:15 of 1st period - Icing by Nino Niederreiter. 18:16 of 1st period - Derek Stepan wins face-off versus Barclay Goodrow in LAS VEGAS LIZARD KINGS zone. 18:44 of 1st period - Off-side. 18:45 of 1st period - Derek Stepan wins face-off versus Sean Monahan in neutral zone. 19:22 of 1st period - Shot by Johnny Gaudreau. 19:22 of 1st period - Shot Misses the Net. 19:24 of 1st period - Shot by Sean Monahan. 19:24 of 1st period - Shot Misses the Net. 19:26 of 1st period - Shot by John Marino. 19:26 of 1st period - Stopped by Jonathan Quick without a rebound. 19:27 of 1st period - Derek Stepan wins face-off versus Barclay Goodrow in LONG BEACH BARACUDAS zone. Goals for this period are 2 for LONG BEACH BARACUDAS vs 1 for LAS VEGAS LIZARD KINGS. Shots for this period are 20 for LONG BEACH BARACUDAS vs 12 for LAS VEGAS LIZARD KINGS. 2nd period 0:01 of 2nd period - Steven Stamkos wins face-off versus Barclay Goodrow in neutral zone. 0:08 of 2nd period - Shot by Taylor Hall. 0:08 of 2nd period - Shot Misses the Net. 0:10 of 2nd period - Shot by Alex Pietrangelo. 0:10 of 2nd period - Stopped by Marc-Andre Fleury with a rebound. 0:12 of 2nd period - Shot by Reyley Smith. 0:12 of 2nd period - Stopped by Marc-Andre Fleury without a rebound. 0:13 of 2nd period - Brock Nelson wins face-off versus Sean Monahan in LAS VEGAS LIZARD KINGS zone. 0:28 of 2nd period - Shot by Andreas Johnsson. 0:28 of 2nd period - Deflect By Brock Nelson. 0:28 of 2nd period - Stopped by Marc-Andre Fleury with a rebound. 0:30 of 2nd period - Shot by Andreas Johnsson. 0:30 of 2nd period - Stopped by Marc-Andre Fleury without a rebound. 0:31 of 2nd period - Barclay Goodrow wins face-off versus Steven Stamkos in LAS VEGAS LIZARD KINGS zone. 0:31 of 2nd period - Barclay Goodrow is hit by Reyley Smith. 1:09 of 2nd period - Shot by Nino Niederreiter. 1:09 of 2nd period - Shot Misses the Net. 1:53 of 2nd period - Shot by Brock Nelson. 1:53 of 2nd period - Deflect By Kyle Palmieri. 1:53 of 2nd period - Stopped by Marc-Andre Fleury without a rebound. 1:54 of 2nd period - Derek Stepan wins face-off versus Derek Ryan in LAS VEGAS LIZARD KINGS zone. 1:55 of 2nd period - Shot by Mikael Granlund. 1:55 of 2nd period - Shot Misses the Net. 1:57 of 2nd period - Shot by J.T. Compher. 1:57 of 2nd period - Deflect By Mikael Granlund. 1:57 of 2nd period - Stopped by Marc-